 Dungeon Crawl Stone Soup version 0.27-a0-1060-gcb85b5eba1 (webtiles) character file.

Game seed: 1458834788811031624

259 Ijustatesigmund the Chopper (level 5, -4/42 HPs)
             Began as a Demonspawn Fighter on Apr 21, 2021.
             Slain by a black bear (5 damage)
             ... on level 4 of the Dungeon.
             The game lasted 00:06:25 (3365 turns).

Ijustatesigmund the Chopper (Demonspawn Fighter)    Turns: 3365, Time: 00:06:26

Health: -4/42      AC:  9    Str: 16    XL:     5   Next: 95%
Magic:  5/5        EV:  9    Int: 10    God:
Gold:   13         SH:  8    Dex: 13    Spells: 4/4 levels left

rFire    + . .     SeeInvis .   a - +0 war axe
rCold    . . .     Faith    .   c - +0 kite shield
rNeg     . . .     Spirit   .   b - +0 scale mail
rPois    .         Reflect  .   (helmet restricted)
rElec    .         Harm     .   (no cloak)
rCorr    .         Rampage  .   (no gloves)
Will     .....                  g - +1 pair of boots
Stlth    ..........             (no amulet)
HPRegen  0.14/turn              (no ring)
MPRegen  0.09/turn              (no ring)

@: flying
A: horns 1, repulsion field 1, demonic guardian 1, fire resistance 1, shaggy fur
1
a: no special abilities


You were on level 4 of the Dungeon.
You visited 1 branch of the dungeon, and saw 4 of its levels.

You collected 68 gold pieces.
You spent 55 gold pieces at shops.

Inventory:

Hand Weapons
 a - a +0 war axe (weapon)
 m - a +0 flail of protection
Armour
 b - a +0 scale mail (worn)
 c - a +0 kite shield (worn)
 g - a +1 pair of boots (worn)
Wands
 n - a wand of charming (4)
Scrolls
 i - 2 scrolls of amnesia
Potions
 f - a potion of mutation
 j - a potion of lignification
 k - a potion of magic {unknown}
 r - a potion of heal wounds {unknown}


   Skills:
 + Level 4.2 Fighting
 * Level 4.2 Axes
 - Level 2.6 Armour
 + Level 2.3 Dodging
 - Level 2.6 Shields


You had 4 spell levels left.
You didn't know any spells.
Your spell library contained the following spells:

 Spells                   Type           Power      Damage    Failure   Level
 Animate Skeleton         Necr           0%         N/A       100%        1
 Pain                     Necr           0%         1d4       100%        1
 Vampiric Draining        Necr           0%         2d6       100%        3
 Animate Dead             Necr           0%         N/A       100%        4
 Agony                    Necr           0%         N/A       100%        5


Dungeon Overview and Level Annotations

Branches:
Dungeon (4/15)
 Temple: D:4-7

Altars:

Shops:
D:4 [**(?

Annotations:
D:2 Sigmund


Innate Abilities, Weirdness & Mutations

You have a pair of small horns on your head.
You are surrounded by a mild repulsion field. (EV +2)
A weak demonic guardian rushes to your aid.
Your flesh is heat resistant. (rF+)
You are covered in fur. (AC +1)


Message History

The black bear misses your quasit.
Your quasit bites the black bear but does no damage.
Your quasit claws the black bear but does no damage.
Your quasit claws the black bear.
The black bear bites your quasit.
The black bear barely misses your quasit.
The black bear closely misses your quasit.
Your quasit barely misses the black bear.
Your quasit closely misses the black bear.
Your quasit claws the black bear.
Your quasit closely misses the black bear. x3
The black bear goes berserk!
Your quasit bites the black bear.
Your quasit claws the black bear.
Your quasit claws the black bear but does no damage.
The black bear bites your quasit but does no damage.
The black bear barely misses your quasit.
The black bear claws your quasit but does no damage.
The black bear barely misses your quasit.
The black bear completely misses your quasit.
The black bear claws your quasit.
Your quasit dies!
The black bear growls angrily.
Aiming: Charm
Press: ? - help, Shift-Dir - straight line, f/p - black bear
Aim: a black bear (almost dead, berserk, chance to affect: 46%)
The black bear resists with some effort.
You hit the black bear. Your headbutt misses the black bear.
The black bear is almost dead.
The black bear bites you.
* * * LOW HITPOINT WARNING * * *
You block the black bear's attack.
The black bear claws you but does no damage.
The black bear completely misses you. The black bear closely misses you.
The black bear misses you.
It was a potion of flight.
You feel very buoyant.
You fly up into the air.
The black bear bites you.
* * * LOW HITPOINT WARNING * * *
The black bear claws you.
You die...

#.##### #.#
#.# #.# #.#
#.# #.#
##########.#
#.@........#
#h##########
#g#
#.........
#.........
#.########
#. #. ..


You could see a black bear (berserk) and a goblin.

Vanquished Creatures
  2 orc priests (D:4)
  A bullfrog skeleton (D:4)
  3 orc wizards (D:4)
  An adder (D:3)
  A worm (D:4)
  An adder skeleton (D:4)
  5 dart slugs
  6 orcs
  2 endoplasms
  2 giant cockroaches (D:1)
  8 goblins
  5 hobgoblins
  7 kobolds
  6 quokkas
  4 ball pythons
  4 bats
  6 frilled lizards
  3 rats
67 creatures vanquished.

Vanquished Creatures (collateral kills)
  An orc (D:4)
  2 ball pythons (D:1)
3 creatures vanquished.

Vanquished Creatures (others)
  4 fungi (D:2)
  4 plants (D:2)
8 creatures vanquished.

Grand Total: 78 creatures vanquished

Notes
Turn   | Place    | Note
-------+----------+-------------------------------------------
     0 | D:1      | Ijustatesigmund the Demonspawn Fighter began the quest for
                  | the Orb.
     0 | D:1      | Reached XP level 1. HP: 18/18 MP: 1/1
   182 | D:1      | Gained mutation: A weak demonic guardian rushes to your
                  | aid. [demonic ancestry]
   182 | D:1      | Reached XP level 2. HP: 21/24 MP: 2/2
   919 | D:1      | Reached skill level 1 in Dodging
  1034 | D:1      | Gained mutation: You are surrounded by a mild repulsion
                  | field. (EV +2) [demonic ancestry]
  1034 | D:1      | Reached XP level 3. HP: 29/29 MP: 3/3
  1400 | D:2      | Noticed Sigmund
  1879 | D:3      | Gained mutation: You have a pair of small horns on your
                  | head. [demonic ancestry]
  1879 | D:3      | Reached XP level 4. HP: 29/35 MP: 4/4
  2301 | D:4      | Found Lucameps's Luxury Loot.
  2350 | D:4      | Found Emiez's Assorted Antiques.
  2353 | D:4      | Bought a scroll labelled YBYKATO SIUCI for 19 gold pieces
  2353 | D:4      | Bought a purple potion for 17 gold pieces
  2353 | D:4      | Bought a scroll labelled EHARROVUC for 19 gold pieces
  2526 | D:4      | Found Hetout's Antique Armour Shop.
  2636 | D:4      | Found Xisk's Weapon Shoppe.
  2805 | D:4      | Found Voetrou's Magic Scroll Shoppe.
  2812 | D:4      | Reached XP level 5. HP: 5/42 MP: 5/5
  2816 | D:4      | Gained mutation: Your flesh is heat resistant. (rF+)
                  | [potion of mutation]
  2816 | D:4      | Gained mutation: You are covered in fur. (AC +1) [potion of
                  | mutation]
  3342 | D:4      | Noticed a black bear
  3365 | D:4      | HP: 1/42 [black bear (3)]
  3365 | D:4      | Slain by a black bear

Illustrated notes

Levels and vault maps discovered:
D:1:      beargit_arrival_diablo_church, layout_loops_ring, minmay_ruptured
D:2:      layout_rooms, serial_curves, eino_curves_01, eino_curves_01,
          shapermc_ecumenical_altar_gd, minmay_pentomino_r4, uniq_sigmund,
          uniq_robin
D:3:      wad_crossroads, layout_basic, st_stairs_13
D:4:      layout_loops_ring, serial_shops, kennysheep_little_box,
          kennysheep_mini_moat, shop_statue, shop, shop, nicolae_alphabet_shops,
          uniq_crazy_yiuf_cottage

Skill      XL: |  1  2  3  4  5 |
---------------+----------------+-----
Axes           | 2 3 4 |  4.2
Dodging        | 1 2 |  2.3
Fighting       | 4 |  4.2
Armour         | |  2.6
Shields        | |  2.6

Action                   |  1- 3 |  4- 6 || total
-------------------------+-------+-------++-------
Melee: War axe           |   136 |    79 ||   215
       Headbutt          |       |    19 ||    19
Evoke: Wand              |       |     1 ||     1
  Use: Scroll            |     2 |     4 ||     6
       Potion            |       |     5 ||     5
Armor: Scale mail        |    69 |    36 ||   105
       Skin              |       |     2 ||     2
Dodge: Dodged            |    55 |    43 ||    98
Block: Kite shield       |    80 |    36 ||   116

Table legend: (Time is in decaauts)
 A = Elapsed time spent in this place.
 B = Non-inter-level travel time spent in this place.
 C = Inter-level travel time spent in this place.
 D = Time resting spent in this place.
 E = Time spent auto-exploring this place.
 F = Levels seen in this place.
 G = Mean time per level.
                   A        B        C        D        E       F      G
               +--------+--------+--------+--------+--------+-----+--------+
         Total |   3503 |   3423 |     80 |   1182 |   1672 |   4 |  875.8 |
       Dungeon |   3503 |   3423 |     80 |   1182 |   1672 |   4 |  875.8 |
               +--------+--------+--------+--------+--------+-----+--------+

Top non-repeatable levels by time:
     D:1: 1414 daAuts
     D:4: 1118 daAuts
     D:3: 917 daAuts
     D:2: 54 daAuts
